 Dungeon Crawl Stone Soup version 0.21-a0-361-g4efd3f9 (webtiles) character file.

25 Monsterracer the Insei (level 3, -1/26 HPs)
             Began as a Merfolk Transmuter on Oct 13, 2017.
             Slain by a kobold
             ... wielding a +0 hand axe
              (8 damage)
             ... on level 2 of the Dungeon.
             The game lasted 00:02:13 (1418 turns).

Monsterracer the Insei (Merfolk Transmuter)         Turns: 1418, Time: 00:02:14

Health: -1/26      AC:  2    Str: 10    XL:     3   Next: 6%
Magic:  6/6        EV: 13    Int: 13    God:
Gold:   41         SH:  0    Dex: 14    Spells: 3/6 levels left

rFire    . . .     SeeInvis .     - Unarmed
rCold    . . .     Gourm    .   (no shield)
rNeg     . . .     Faith    .   b - +0 robe
rPois    .         Spirit   .   (no helmet)
rElec    .         Reflect  .   (no cloak)
rCorr    .         Harm     .   (no gloves)
MR       .....                  (no boots)
Stlth    +.........             (no amulet)
HPRegen  0.08/turn              j - ring of wizardry
MPRegen  0.10/turn              (no ring)

@: no status effects
A: change form in water, swift swim, stealthy swim
a: no special abilities


You were on level 2 of the Dungeon.
You were hungry.

You visited 1 branch of the dungeon, and saw 2 of its levels.

You collected 41 gold pieces.

Inventory:

Missiles
 a - 12 arrows
Armour
 b - a +0 robe (worn)
Jewellery
 j - a ring of wizardry (left hand)
Scrolls
 e - a scroll of identify {unknown}
 h - 2 scrolls of fog {unknown}
 i - a scroll of teleportation {unknown}
 k - a scroll of fear {unknown}
Potions
 g - a potion of mutation {unknown}
 l - 2 potions of degeneration {unknown}
Books
 c - a book of Changes

   Spells                             Type                      Level
   a - Beastly Appendage              Transmutation                1
   b - Sticks to Snakes               Transmutation                2
   c - Spider Form                    Transmutation/Poison         3
   d - Ice Form                       Ice/Transmutation            4
   e - Blade Hands                    Transmutation                5
Comestibles
 d - a bread ration
 f - 3 meat rations
 m - a royal jelly


   Skills:
 - Level 1.1 Fighting
 - Level 2.6 Dodging
 + Level 4.0 Unarmed Combat
 - Level 2.0 Spellcasting
 + Level 3.7 Transmutations


You had 3 spell levels left.
You knew the following spells:

 Your Spells              Type           Power        Failure   Level  Hunger
a - Beastly Appendage     Tmut           ##....       2%          1    ##.....
b - Sticks to Snakes      Tmut           ##......     3%          2    ###....


Dungeon Overview and Level Annotations

Branches:
Dungeon (2/15)

Altars:


Message History

The kobold is heavily wounded.
The kobold hits you with a hand axe.
* * * LOW HITPOINT WARNING * * *
Huge Dmg: -11%(-3hp) hp: 24%(6hp)
You closely miss the kobold.
The kobold is heavily wounded.
The kobold hits you but does no damage.
You barely miss the kobold.
The kobold is heavily wounded.
The kobold hits you but does no damage.
You closely miss the kobold.
The kobold is heavily wounded.
The kobold barely misses you.
A jackal comes into view.
You barely miss the kobold.
The kobold is heavily wounded.
You barely miss the kobold.
The kobold is heavily wounded.
The kobold barely misses you.
The jackal barks!
The jackal closely misses you.
You hear a bark!
You miss the kobold.
The kobold is heavily wounded.
The kobold completely misses you.
You hit the jackal.
You kill the jackal!
Your Unarmed Combat skill increases to level 4!
The kobold hits you with a hand axe!
You die...

# #..# #### #.#..#
#.. ###....# #.# #
....##.#####.#####.#
..........[..)......
#.!...!####.#..##.#
....##.[# #.#..##.#
## ##<.####(.(.....
#...gK@†(#.#####
#...####.#.#
#......# #.# .
####..## #.# ## #...
#.# #.#.# #.# [.#.#
#.. .###.. ## ...


You could see a goblin and a kobold.

Vanquished Creatures
  A dart slug (D:1)
  A ball python (D:1)
  3 bats
  A giant cockroach (D:1)
  3 goblins (D:1)
  2 hobgoblins (D:1)
  2 jackals (D:2)
  A frilled lizard (D:1)
  3 kobolds
  4 rats (D:1)
21 creatures vanquished.

Notes
Turn   | Place    | Note
-------+----------+-------------------------------------------
     0 | D:1      | Monsterracer the Merfolk Transmuter began the quest for the Orb.
     0 | D:1      | Reached XP level 1. HP: 15/15 MP: 3/3
   600 | D:1      | Reached XP level 2. HP: 19/21 MP: 5/5
   659 | D:1      | Learned a level 2 spell: Sticks to Snakes
  1404 | D:2      | Reached XP level 3. HP: 15/26 MP: 6/6
  1418 | D:2      | Reached skill level 4 in Unarmed Combat
  1418 | D:2      | Slain by a kobold

Vault maps used:
D:1:      mrwooster_arrival_arrow
D:2:      lemuel_upstairs_altar, nicolae_gozag_zags_fifth_avenue

Skill      XL: |  1  2  3 |
---------------+----------+-----
Transmutations | 3 |  3.7
Unarmed Combat | 4 |  4.0
Fighting       | |  1.1
Dodging        | |  2.6
Spellcasting   | |  2.0

Action                   || total
-------------------------++-------
Melee: Unarmed           ||    83
 Stab: Sleeping          ||     1
  Eat: Chunk             ||     1
Armor: Robe              ||    20
Dodge: Dodged            ||    62

Table legend:
 A = Spawn XP
 B = Non-spawn XP
 C = Spawn XP percentage of total XP
 D = Spawn monster count
 E = Non-spawn monster count
 F = Spawn count percentage of total count
 G = Total turns spent on level
                    A         B        C        D         E        F      G
               +---------+---------+-------+---------+---------+-------+---------
         Total |       0 |      37 |   0.0 |       0 |      21 |   0.0 |  1418
               +---------+---------+-------+---------+---------+-------+---------
           D:1 |       0 |      28 |   0.0 |       0 |      16 |   0.0 |  1340
           D:2 |       0 |       9 |   0.0 |       0 |       5 |   0.0 |    78
               +---------+---------+-------+---------+---------+-------+---------

Vault maps used:
D:1:      mrwooster_arrival_arrow
D:2:      lemuel_upstairs_altar, nicolae_gozag_zags_fifth_avenue
